 Dungeon Crawl Stone Soup version 0.27-a0-103-g6cd7b45605 (webtiles) character file.

Game seed: 13522372771690622304

74 knot the Chopper (level 4, 48/52 HPs)
             Began as a Demonspawn Berserker on Jan 22, 2021.
             Was a Believer of Trog.
             Quit the game on level 2 of the Dungeon.
             The game lasted 00:01:04 (1718 turns).

knot the Chopper (Demonspawn Berserker)             Turns: 1718, Time: 00:01:05

Health: 48/52      AC:  3    Str: 18    XL:     4   Next: 9%
Magic:  4/4        EV: 12    Int:  9    God:    Trog [**....]
Gold:   116        SH:  0    Dex: 12    Spells: 3/3 levels left

rFire    . . .     SeeInvis .   a - +0 hand axe
rCold    . . .     Faith    .   (no shield)
rNeg     . . .     Spirit   .   b - +0 animal skin
rPois    .         Reflect  .   (helmet restricted)
rElec    .         Harm     .   (no cloak)
rCorr    .         Rampage  .   (no gloves)
Will     .....                  (no boots)
Stlth    ..........             (no amulet)
HPRegen  0.17/turn              (no ring)
MPRegen  0.09/turn              (no ring)

@: berserking, very quick
A: horns 1, sharp scales 1
a: Renounce Religion, Berserk, Trog's Hand


You were on level 2 of the Dungeon.
You worshipped Trog.
Trog was pleased with you.
You visited 1 branch of the dungeon, and saw 2 of its levels.

You collected 116 gold pieces.

Inventory:

Hand Weapons
 a - a +0 hand axe (weapon)
Missiles
 i - 22 stones
Armour
 b - a +0 animal skin (worn)
Scrolls
 c - 3 scrolls of identify {unknown}
 d - 2 scrolls of amnesia {unknown}
 f - 2 scrolls of teleportation {unknown}
 g - 2 scrolls of remove curse {unknown}
 h - a scroll of enchant weapon {unknown}


   Skills:
 - Level 3.0 Fighting
 + Level 4.5 Axes
 - Level 1.7 Armour
 - Level 1.7 Dodging


You had 3 spell levels left.
You didn't know any spells.
Your spell library was empty.

Dungeon Overview and Level Annotations

Branches:
Dungeon (2/15)

Altars:


Innate Abilities, Weirdness & Mutations

You have a pair of small horns on your head.
You are partially covered in razor-sharp scales. (AC +1, Slay +1)


Message History

The bat hits you but does no damage.
A red film seems to cover your vision as you go berserk!
You feel yourself moving faster!
You feel mighty! The bat hits you but does no damage. The hobgoblin misses you.
You slash the hobgoblin!
You kill the hobgoblin!
Trog accepts your kill. The bat misses you.
You miss the adder. Your headbutt misses the adder. You miss the bat.
The bat hits you. The adder bites you.
You slash the adder!
You kill the adder!
Trog accepts your kill.
You hit the bat.
You kill the bat!
Trog accepts your kill.
You have reached level 4!
You feel stronger.
Your demonic ancestry asserts itself...
Sharp scales grow over part of your body.
Are you sure you want to abandon this character and quit the game? (Confirm with "yes".)

###########
#.........#
#.........#
#.........#
##.........#
.......†...###.#
..?....@........
##.........###.
#.........#
####.####.# #.
#.## #. #(.# #
##.# #.## #..#


There were no monsters in sight!

Vanquished Creatures
  2 adders (D:2)
  An ooze (D:1)
  2 worms (D:2)
  2 dart slugs (D:2)
  2 leopard geckos (D:1)
  2 bats (D:2)
  3 giant cockroaches
  2 goblins
  8 hobgoblins
  A quokka (D:2)
  2 frilled lizards (D:1)
  6 kobolds
  6 rats
39 creatures vanquished.

Notes
Turn   | Place    | Note
-------+----------+-------------------------------------------
     0 | D:1      | knot the Demonspawn Berserker began the quest for the Orb.
     0 | D:1      | Reached XP level 1. HP: 18/18 MP: 1/1
   170 | D:1      | Reached skill level 3 in Axes
   393 | D:1      | Gained mutation: You have a pair of small horns on your
                  | head. [demonic ancestry]
   393 | D:1      | Reached XP level 2. HP: 24/24 MP: 2/2
   939 | D:2      | Reached XP level 3. HP: 29/29 MP: 3/3
  1139 | D:2      | Reached skill level 4 in Axes
  1670 | D:2      | Reached ** piety under Trog
  1718 | D:2      | Gained mutation: You are partially covered in razor-sharp
                  | scales. (AC +1, Slay +1) [demonic ancestry]
  1718 | D:2      | Reached XP level 4. HP: 35/35 MP: 4/4
  1718 | D:2      | Quit the game

Illustrated notes

Levels and vault maps discovered:
D:1:      wander_arrival_peaceful_grave, layout_loops_corners, minivault_26,
          minmay_misc_feat_rugged
D:2:      layout_basic, serial_bayou_pond_a

Skill      XL: |  1  2  3 |
---------------+----------+-----
Axes           | 3 4 |  4.5
Fighting       | |  3.0
Armour         | |  1.7
Dodging        | |  1.7

Action                   |  1- 3 |  4- 6 || total
-------------------------+-------+-------++-------
Melee: Hand axe          |    95 |       ||    95
       Headbutt          |     9 |       ||     9
Invok: Berserk           |     2 |       ||     2
 Stab: Sleeping          |     3 |       ||     3
Armor: Animal skin       |    12 |       ||    12
Dodge: Dodged            |    65 |       ||    65

Table legend: (Time is in decaauts)
 A = Elapsed time spent in this place.
 B = Non-inter-level travel time spent in this place.
 C = Inter-level travel time spent in this place.
 D = Time resting spent in this place.
 E = Time spent auto-exploring this place.
 F = Levels seen in this place.
 G = Mean time per level.
                   A        B        C        D        E       F      G
               +--------+--------+--------+--------+--------+-----+--------+
         Total |   1742 |   1714 |     28 |    259 |   1213 |   2 |  871.0 |
       Dungeon |   1742 |   1714 |     28 |    259 |   1213 |   2 |  871.0 |
               +--------+--------+--------+--------+--------+-----+--------+

Top non-repeatable levels by time:
     D:1: 909 daAuts
     D:2: 833 daAuts
